 Dungeon Crawl Stone Soup version 0.31-a0-455-g1a7b003ef0 (webtiles) character file.

Game seed: 12982733529735715416

143 ytrimaz the Changeling (level 5, -1/37 HPs)
             Began as a Demonspawn Shapeshifter on Aug 4, 2023.
             Was an Initiate of Dithmenos.
             Slain by a scorpion (6 damage)
             ... on level 4 of the Dungeon.
             The game lasted 00:03:00 (2336 turns).

ytrimaz the Changeling (Demonspawn Shapeshifter)    Turns: 2336, Time: 00:03:01

Health: -1/37      AC:  3    Str: 17    XL:     5   Next: 4%
Magic:  5/5        EV: 12    Int:  9    God:    Dithmenos [......]
Gold:   171        SH:  0    Dex: 14    Spells: 2/4 levels left

rFire   . .          .
                       - Unarmed
rCold   . . .        (no shield)
rNeg    . . .        a - +1 animal skin
rPois   .            (helmet currently unavailable)
rElec   .            (cloak currently unavailable)
rCorr   .            (gloves currently unavailable)
SInv    .            (boots currently unavailable)
Will    .....        (no amulet)
Stlth   +            (no ring)
HPRegen 0.26/turn    (no ring)
MPRegen 0.09/turn

%: no passive effects
@: lethally poisoned (-1 -> -8), beast-form
A: beast (slay +2), antennae 1, demonic magic 1, weakness stinger 1
a: Begin Untransformation, Renounce Religion


You were on level 4 of the Dungeon.
You worshipped Dithmenos.
Dithmenos was noncommittal.
You were a hulking beast.
You visited 1 branch of the dungeon, and saw 4 of its levels.

You collected 171 gold pieces.


Innate Abilities, Weirdness & Mutations

You are a hulking beast.
Your limbs bulge with bestial killing power. (Slay +2)
You have a pair of small antennae on your head.
Spells you cast may paralyse adjacent enemies.
You have a small tail.


   Skills:
 - Level 1.0 Fighting
 - Level 1.7 Dodging
 + Level 3.7 Unarmed Combat
 * Level 4.1 Shapeshifting


You had 2 spell levels left.
You knew the following spells:

 Your Spells              Type           Power      Damage    Failure   Level
a - Blink                 Tloc           0%         N/A       52%         2

Your spell library contained the following spells:

 Spells                   Type           Power      Damage    Failure   Level
 Summon Small Mammal      Summ           0%         N/A       38%         1
 Lesser Beckoning         Tloc           0%         N/A       52%         2
 Momentum Strike          Conj/Tloc      0%         3d8       52%         2
 Call Canine Familiar     Summ           0%         N/A       77%         3
 Summon Guardian Golem    Hex/Summ       0%         N/A       77%         3
 Manifold Assault         Tloc           0%         N/A       99%         4

Inventory:

Missiles
 g - a throwing net
Armour
 a - a +1 animal skin (worn)
Jewellery
 e - a +6 ring of intelligence
   (You found it on level 2 of the Dungeon)
 j - an amulet of faith
   (You found it on level 2 of the Dungeon)
Talismans
 c - a beast talisman (active)
Potions
 b - a potion of lignification
 d - a potion of invisibility
 f - 3 potions of degeneration {unknown}
 k - a potion of heal wounds {unknown}

Dungeon Overview and Level Annotations

Branches:
Dungeon (4/15) Zot: 21675
 Temple: D:4-7

Altars:
Dithmenos
Kikubaaqudgha
Ru
Uskayaw
Yredelemnul

Shops:
D:2 : D:3

[ #......#
#......# #......#
#......# #......#
+###......########
..:.....†.........
.......<..hs......
.......†..).......
..................
..................
......<...........
###+############..
.


You could see a scorpion.


Message History

Items here: )) [ †.
Key pressed, stopping explore.
A kobold comes into view. It is wielding a +0 club.
The kobold shouts!
The kobold throws a stone.
The stone hits you. 😕 HP[+26]
You regained 26 hp, and now have 30/32 hp.
A kobold is nearby!
A kobold is nearby!
You aren't carrying any scrolls.
Unknown command. 😕 HP[+1]
You hit the kobold.
You kill the kobold!
Dithmenos accepts your kill.
You have reached level 5! 😕 HP[+5] MP[+1]
You now have 37 max hp (+5).
You regained 5 hp, and now have 36/37 hp.
Your mp is fully restored (5).
h - a scroll labelled ORREHA COUROE 😎 HP[+1]
Your hp is fully restored (37).
Found a basalt altar of Yredelemnul.
As you read the scroll labelled ORREHA COUROE, it crumbles to dust.
You feel strangely unstable.
It was a scroll of teleportation.
Your surroundings suddenly seem different.
You open the door.
There is an open door here.
Key pressed, stopping explore.
Key pressed, stopping explore.
You now have 171 gold pieces (gained 5).
Found a stone staircase leading down.
Found an escape hatch in the floor.
Key pressed, stopping explore.
Done exploring.
Done exploring.
Done exploring.
Done exploring.
There is a stone staircase leading down here.
You climb downwards.
Found a broad axe and a book of Changes.
Found a stone staircase leading up.
There is a stone staircase leading up here.
There are monsters nearby!
There are monsters nearby!
The helpless dart slug fails to defend itself.
You hit the dart slug but do no damage. You punch the dart slug!
The dart slug closely misses you.
You hit the dart slug.
You kill the dart slug!
Dithmenos accepts your kill.
You punch the worm! You tail-slap the worm! The worm bites you! 😮 HP[-10]
You take 10 damage, and now have 27/37 hp.
MASSIVE DAMAGE!! (PAUSE)
You hit the worm.
You kill the worm!
Dithmenos accepts your kill. 😕 HP[+1]
You see here a worm corpse.
A scorpion comes into view. 😕 HP[+1]
A scorpion is nearby!
A scorpion is nearby! 😕 HP[+1]
The scorpion stings you.
You are poisoned.
The scorpion poisons you! 😮 HP[-4]
You take 4 damage, and now have 26/37 hp.
You closely miss the scorpion.
You feel sick. The scorpion stings you. 😮 HP[-5]
You take 5 damage, and now have 21/37 hp.
You hit the scorpion but do no damage.
You feel sick. The scorpion stings you.
* * * LOW HITPOINT WARNING * * *
You are more poisoned.
The scorpion poisons you! 😨 HP[-4]
You take 4 damage, and now have 17/37 hp.
You hit the scorpion.
Your tail-slap misses the scorpion.
* * * LOW HITPOINT WARNING * * *
You feel very sick. The scorpion stings you.
* * * LOW HITPOINT WARNING * * *
😨 HP[-7]
You take 7 damage, and now have 10/37 hp.
You punch the scorpion!
* * * LOW HITPOINT WARNING * * *
You feel sick.
The scorpion closely misses you. 😱 HP[-2]
You take 2 damage, and now have 8/37 hp.
Unknown command.
You hit the scorpion.
You tail-slap the scorpion, but do no damage.
* * * LOW HITPOINT WARNING * * *
You feel very sick. The scorpion completely misses you.
The scorpion stings you.
You die...

Skill      XL: |  1  2  3  4 |
---------------+-------------+-----
Shapeshifting  | 3 4 |  4.1
Unarmed Combat | 3 |  3.7
Fighting       | |  1.0
Dodging        | |  1.7

Action                     |  1- 3 |  4- 6 || total
---------------------------+-------+-------++-------
  Melee: Unarmed           |   114 |    64 ||   178
         Tailslap          |    14 |     7 ||    21
         Punch             |     3 |     3 ||     6
    Use: Scroll            |     5 |     1 ||     6
   Stab: Sleeping          |       |     2 ||     2
 Armour: Animal skin       |    22 |     8 ||    30
  Dodge: Dodged            |    59 |    31 ||    90

Levels and vault maps discovered:
D:1:      minmay_arrival_plants_in_alcoves, layout_loops_ring
D:2:      layout_rooms, basic_altar, nicolae_shop_vocational
D:3:      layout_basic, lemuel_round_altar, mainiacjoe_overflow_alcove_3,
          serial_shops, shop_fountains, minmay_misc_feat_more_columns,
          kennysheep_generic_room_6
D:4:      layout_gridville, uniq_crazy_yiuf_cottage, uniq_menkaure

Notes
Turn   | Place    | Note
-------+----------+-------------------------------------------
     0 | D:1      | ytrimaz the Demonspawn Shapeshifter began the quest for the
                  | Orb.
     0 | D:1      | Reached XP level 1. HP: 15/15 MP: 1/1
     0 | D:1      | magus.rc [v1.9.6]
   254 | D:1      | You add the spells Blink and Manifold Assault to your
                  | library.
   266 | D:1      | You pick up a book of Callings and begin reading...
   266 | D:1      | You add the spells Summon Small Mammal, Call Canine
                  | Familiar and Summon Guardian Golem to your library.
   283 | D:1      | Reached skill level 3 in Shapeshifting
   283 | D:1      | You feel monstrous as your demonic heritage exerts itself.
   283 | D:1      | Discovered your monstrous ancestry.
   283 | D:1      | Gained mutation: You have a small tail. [demonic ancestry]
   283 | D:1      | Reached XP level 2. HP: 16/21 MP: 2/2
   355 | D:1      | Reached skill level 3 in Unarmed Combat
   865 | D:2      | Gained mutation: Spells you cast may paralyse adjacent
                  | enemies. [demonic ancestry]
   865 | D:2      | Reached XP level 3. HP: 25/26 MP: 3/3
   956 | D:2      | Found a basalt altar of Yredelemnul.
   978 | D:2      | Learned a level 2 spell: Blink
  1007 | D:2      | Found Pefaomov's Vocational Training.
  1443 | D:3      | Found Teuqolil's Antique Armour Shop.
  1463 | D:3      | Gained mutation: You have a pair of small antennae on your
                  | head. [demonic ancestry]
  1463 | D:3      | Reached XP level 4. HP: 30/32 MP: 4/4
  1497 | D:3      | Found a hide-covered altar of Uskayaw.
  1499 | D:3      | Found a shadowy altar of Dithmenos.
  1501 | D:3      | Found an ancient bone altar of Kikubaaqudgha.
  1503 | D:3      | Found a sacrificial altar of Ru.
  1511 | D:3      | Became a worshipper of Dithmenos the Shadowed
  1623 | D:3      | You pick up a book of Spatial Translocations and begin
                  | reading...
  1623 | D:3      | You add the spells Momentum Strike and Lesser Beckoning to
                  | your library.
  1801 | D:3      | HP: 8/32 [orc/+0 club (2)]
  1978 | D:3      | Reached skill level 4 in Shapeshifting
  1983 | D:3      | HP: 5/32 [orc/+0 whip (4)]
  2111 | D:3      | Reached XP level 5. HP: 36/37 MP: 5/5
  2133 | D:3      | Found a basalt altar of Yredelemnul.
  2335 | D:4      | HP: 8/37 [poisoned by a scorpion]
  2336 | D:4      | Slain by a scorpion

Vanquished Creatures
  An orc wizard (D:3)
  A gnoll (D:3)
  3 adders
  A worm (D:4)
  4 dart slugs
  7 orcs (D:3)
  4 endoplasms
  4 giant cockroaches
  4 goblins
  7 hobgoblins
  4 kobolds
  2 quokkas (D:1)
  7 ball pythons
  6 bats
  2 frilled lizards (D:2)
  7 rats
64 creatures vanquished.

Table legend:
 A = Non-vault XP
 B = Vault XP
 C = Vault XP percentage of total XP
 D = Non-vault monster count
 E = Vault monster count
 F = Vault count percentage of total count
                 A         B        C        D         E       F
            +---------+---------+-------+---------+---------+-------
      Total |     187 |      18 |   8.8 |      62 |       2 |   3.1
            +---------+---------+-------+---------+---------+-------
        D:1 |      40 |       0 |   0.0 |      22 |       0 |   0.0
        D:2 |      41 |       0 |   0.0 |      17 |       0 |   0.0
        D:3 |      97 |      18 |  15.7 |      21 |       2 |   8.7
        D:4 |       9 |       0 |   0.0 |       2 |       0 |   0.0
            +---------+---------+-------+---------+---------+-------

Skill      XL: |  1  2  3  4 |
---------------+-------------+-----
Shapeshifting  | 3 4 |  4.1
Unarmed Combat | 3 |  3.7
Fighting       | |  1.0
Dodging        | |  1.7

Action                     |  1- 3 |  4- 6 || total
---------------------------+-------+-------++-------
  Melee: Unarmed           |   114 |    64 ||   178
         Tailslap          |    14 |     7 ||    21
         Punch             |     3 |     3 ||     6
    Use: Scroll            |     5 |     1 ||     6
   Stab: Sleeping          |       |     2 ||     2
 Armour: Animal skin       |    22 |     8 ||    30
  Dodge: Dodged            |    59 |    31 ||    90

Illustrated notes

Table legend:
 A = Kills in this place as a percentage of kills in the entire game.
 B = Kills by you in this place as a percentage of kills by you in the entire game.
 C = Kills by friends in this place as a percentage of kills by friends in the entire game.
 D = Other kills in this place as a percentage of other kills in the entire game.
 E = Experience gained in this place as a percentage of experience gained in the entire game.
 F = Experience gained in this place divided by the number of levels of this place that you have seen.
                   A       B       C       D       E      F
               +-------+-------+-------+-------+-------+----------------------
         Total | 100.0 | 100.0 |   N/A |   N/A | 100.0 |  51.2
       Dungeon | 100.0 | 100.0 |   N/A |   N/A | 100.0 |  51.2
               +-------+-------+-------+-------+-------+----------------------

Table legend: (Time is in decaauts)
 A = Elapsed time spent in this place.
 B = Non-inter-level travel time spent in this place.
 C = Inter-level travel time spent in this place.
 D = Time resting spent in this place.
 E = Time spent auto-exploring this place.
 F = Levels seen in this place.
 G = Mean time per level.
                   A        B        C        D        E       F      G
               +--------+--------+--------+--------+--------+-----+--------+
         Total |   2323 |   2306 |     17 |     30 |   1843 |   4 |  580.8 |
       Dungeon |   2323 |   2306 |     17 |     30 |   1843 |   4 |  580.8 |
               +--------+--------+--------+--------+--------+-----+--------+

Top non-repeatable levels by time:
     D:3: 951 daAuts
     D:1: 855 daAuts
     D:2: 498 daAuts
     D:4: 19 daAuts
